 Dungeon Crawl Stone Soup version 0.24.0-10-g970556be89 (webtiles) character file.

Game seed: 12832477918625660213, levelgen mode: deterministic

45 kkkmkkk the Digger (level 3, -5/21 HPs)
             Began as an Octopode Earth Elementalist on Nov 4, 2019.
             Slain by Natasha (8 damage)
             ... on level 1 of the Dungeon.
             The game lasted 00:01:10 (591 turns).

kkkmkkk the Digger (Octopode Earth Elementalist)     Turns: 591, Time: 00:01:10

Health: -5/21      AC:  1    Str:  7    XL:     3   Next: 64%
Magic:  2/6        EV: 13    Int: 18    God:
Gold:   55         SH:  0    Dex: 12    Spells: 5/6 levels left

rFire    . . .     SeeInvis .   e - +0 quarterstaff
rCold    . . .     Gourm    .   (shield currently unavailable)
rNeg     . . .     Faith    .   (helmet restricted)
rPois    .         Spirit   .   (no amulet)
rElec    .         Reflect  .   (no ring)
rCorr    .         Harm     .   (no ring)
MR       .....                  (no ring)
Stlth    +++.......             (no ring)
HPRegen  0.07/turn              (no ring)
MPRegen  0.10/turn              (no ring)
                                (no ring)
                                (no ring)

@: no status effects
A: almost no armour, stealthy swim, amphibious, 8 rings, constrict 8, camouflage
1, gelatinous body 1
a: no special abilities


You were on level 1 of the Dungeon.
You were not hungry.

You visited 1 branch of the dungeon, and saw 2 of its levels.

You collected 55 gold pieces.

Inventory:

Hand Weapons
 a - a +0 hand axe
 e - a +0 quarterstaff (weapon)
Missiles
 b - 34 stones (quivered)
Scrolls
 g - a scroll of identify {unknown}
Potions
 d - a potion of berserk rage {unknown}
 f - a potion of degeneration {unknown}
Comestibles
 c - 5 rations
 h - 4 chunks of flesh


   Skills:
 + Level 0.1 Fighting
 + Level 0.5 Axes
 + Level 0.9 Staves
 + Level 2.2 Dodging
 + Level 3.1 Stealth
 + Level 2.3 Spellcasting
   Level 1.0 Transmutations
 + Level 3.6 Earth Magic


You had 5 spell levels left.
You knew the following spells:

 Your Spells              Type           Power        Failure   Level  Hunger
a - Sandblast             Erth           ###...       4%          1    #......

Your spell library contained the following spells:

 Spells                   Type           Power        Failure   Level  Hunger
 Passwall                 Tmut/Erth      ##......     11%         2    ##.....
 Stone Arrow              Conj/Erth      #.....       26%         3    ###....
 Petrify                  Tmut/Erth      ##......     56%         4    #####..
 Lee's Rapid Deconstruct  Erth           ###.......   73%         5    ######.


Dungeon Overview and Level Annotations

Branches:
Dungeon (2/15)

Altars:

Annotations:
D:1 Natasha


Innate Abilities, Weirdness & Mutations

You cannot wear most types of armour.
You are very stealthy in the water. (Stealth+)
You are amphibious.
You can wear up to eight rings at the same time.
You can use your tentacles to constrict eight enemies at once.
Your skin changes colour to match your surroundings (Stealth+).
Your rubbery body absorbs attacks. (AC +1, EV +1)


Message History

Natasha claws you.
* * * LOW HITPOINT WARNING * * *
Casting: Sandblast (safe; 4% risk of failure)
Confirm with . or Enter, or press ? or * to list all spells.
Aiming: Sandblast (safe; 4% risk of failure)
Press: ? - help, Shift-Dir - straight line, f/p - Natasha
Aim: Natasha The blast of sand misses Natasha.
b - 35 stones Natasha closely misses you.
Casting: Sandblast (safe; 4% risk of failure)
Confirm with . or Enter, or press ? or * to list all spells.
Aiming: Sandblast (safe; 4% risk of failure)
Press: ? - help, Shift-Dir - straight line, f/p - Natasha
Aim: Natasha The blast of sand hits Natasha!
Natasha is severely wounded.
b - 34 stones Natasha claws you!
You die...

#.....######..##
#.....# ##..#
####### #..#
#..## .
#...###...
######....h....
#...÷.÷...#####
##....#........
#.!..@#.[...)..
#.....h.........
#...≈...........
##.≈............
#...≈.........
#.≈...........
##≈.........
#...#######


You could see Natasha.

Vanquished Creatures
  Natasha (D:1)
  A dart slug (D:2)
  4 bats
  4 goblins
  A hobgoblin (D:1)
  A ball python (D:1)
  3 frilled lizards
  A kobold (D:1)
  3 rats
19 creatures vanquished.

Notes
Turn   | Place    | Note
-------+----------+-------------------------------------------
     0 | D:1      | kkkmkkk the Octopode Earth Elementalist began the quest for
                  | the Orb.
     0 | D:1      | Reached XP level 1. HP: 11/11 MP: 3/3
   152 | D:2      | Reached XP level 2. HP: 14/17 MP: 5/5
   230 | D:2      | Noticed Natasha
   232 | D:2      | Noticed a crimson imp
   246 | D:1      | Killed Natasha
   246 | D:1      | Reached XP level 3. HP: 9/21 MP: 0/6
   519 | D:1      | Noticed Natasha
   591 | D:1      | Slain by Natasha

Levels and vault maps discovered:
D:1:      beargit_arrival_greenhouse, layout_rooms, serial_rivers,
          chequers_serial_rivers_small_a, chequers_serial_rivers_room_a,
          chequers_serial_rivers_micro_c, chequers_serial_rivers_room_b,
          minmay_misc_feat_four_crosses
D:2:      layout_rooms, gammafunk_temple_overflow_wave,
          hangedman_decor_diamond_cutter, kennysheep_generic_room_4,
          uniq_natasha

Skill      XL: |  1  2 |
---------------+-------+-----
Stealth        | 3 |  3.1
Fighting       | |  0.1
Axes           | |  0.5
Staves         | |  0.9
Dodging        | |  2.2
Spellcasting   | |  2.3
Transmutations | |  1.0
Earth Magic    | |  3.6

Action                   || total
-------------------------++-------
Melee: Hand axe          ||    12
       Constrict         ||    13
       Quarterstaff      ||    19
       Tentacles         ||     2
 Cast: Sandblast         ||    13
 Stab: Sleeping          ||     5
Armor: Skin              ||     5
Dodge: Dodged            ||    34
